Map: Nightshade LE

Players

Zest - Winner!

  • Race: Protoss Protoss
  • Spawn Location: 11:00

HeroMarine

  • Race: Terran Terran
  • Spawn Location: 5:00

Event: Shopify TSL 5

VOD

Have the link to the VOD?

Description

Time

  • Played on: May 30, 2020, 10:10 a.m.
  • Length: 12:56

All games in this series

Show
View Real Time Build Order
Export as new Build Order

Zest Protoss - Winner!

Build Orders: 1 Gate Expand, Archon Immortal, Blink Stalkers, Dark Templar Rush 

Get SALT Encoding   

  12  0:00  Probe  
  13  0:13  Probe  
  14  0:17  Pylon  
  14  0:25  Probe (Chrono Boost)  
  15  0:36  Gateway  
  15  0:37  Probe (Chrono Boost)  
  16  0:44  Probe (Chrono Boost)  
  16  0:46  Assimilator  
  17  0:51  Probe  
  18  1:03  Probe  
  19  1:15  Probe  
  20  1:25  Cybernetics Core  
  20  1:31  Nexus  
  20  1:35  Probe  
  21  1:41  Pylon  
  21  1:47  Probe  
  21  1:49  Assimilator  
  22  1:59  Probe (Chrono Boost), Adept (Chrono Boost)  
  23  2:02  Warp Gate  
  25  2:11  Probe (Chrono Boost)  
  26  2:18  Probe (Chrono Boost)  
  26  2:21  Twilight Council  
  27  2:27  Stalker  
  29  2:30  Probe  
  30  2:41  Pylon  
  31  2:45  Probe (Chrono Boost)  
  31  2:46  Probe (Chrono Boost)  
  32  2:55  Probe (Chrono Boost)  
  32  2:57  Probe (Chrono Boost)  
  34  3:00  Probe (Chrono Boost)  
  34  3:03  Dark Shrine  
  35  3:06  Probe  
  35  3:11  Probe, Stalker  
  39  3:19  Gateway  
  39  3:22  Probe (Chrono Boost)  
  39  3:23  Probe (Chrono Boost)  
  41  3:28  Gateway  
  43  3:35  Probe (Chrono Boost)  
  43  3:38  Probe (Chrono Boost), Robotics Facility  
  43  3:41  Probe (Chrono Boost)  
  43  3:45  Probe, Assimilator  
  45  3:49  Assimilator  
  45  3:56  Probe, Blink (Chrono Boost)  
  45  3:57  Probe  
  47  4:03  Pylon  
  47  4:08  Probe  
  47  4:09  Probe  
  49  4:16  Dark Templar  
  51  4:20  Probe  
  51  4:21  Probe  
  53  4:26  Warp Prism  
  53  4:28  Pylon  
  55  4:38  Nexus  
  51  4:53  Probe  
  51  4:55  Stalker x2  
  51  4:56  Stalker  
  58  5:02  Observer  
  58  5:05  Pylon  
  58  5:07  Probe x2  
  59  5:13  Pylon  
  60  5:23  Probe  
  60  5:27  Dark Templar x3  
  67  5:40  Probe  
  68  5:45  Probe  
  67  5:52  Probe  
  67  5:55  Charge (Chrono Boost)  
  67  5:56  Probe  
  69  5:58  Probe  
  69  5:59  Stalker  
  69  6:00  Stalker x2  
  69  6:04  Probe  
  77  6:07  Gateway  
  77  6:09  Gateway x2  
  77  6:12  Forge  
  77  6:13  Probe x2  
  77  6:18  Probe  
  80  6:23  Immortal (Chrono Boost)  
  84  6:26  Protoss Ground Weapons Level 1 (Chrono Boost)  
  84  6:32  Probe  
  85  6:33  Probe x2  
  85  6:38  Gateway  
  85  6:39  Sentry x3, Gateway  
  93  6:44  Pylon  
  93  6:59  Pylon  
  93  7:00  Immortal (Chrono Boost)  
  99  7:01  Probe x3  
  99  7:05  Pylon  
  100  7:15  Pylon  
  100  7:16  Stalker x4  
  100  7:22  Immortal (Chrono Boost)  
  112  7:30  Gateway  
  112  7:31  Pylon  
  112  7:32  Gateway  
  112  7:52  Immortal  
  112  7:54  Zealot x5, Dark Templar x2  
  112  7:55  Zealot  
  130  8:09  Archon  
  130  8:17  Archon  
  130  8:18  Protoss Ground Armor Level 1 (Chrono Boost)  
  130  8:21  Zealot  
  130  8:22  Zealot x4  
  138  8:33  Zealot  
  140  8:35  Nexus  
  140  8:38  Pylon  
  136  8:42  Pylon  
  136  8:44  Stalker x2  
  138  8:51  Stalker x4  
  138  8:52  Zealot  
  114  8:55  Zealot x2  
  114  8:56  Zealot  
  80  9:11  Immortal (Chrono Boost)  
  80  9:16  Dark Templar x3  
  86  9:17  Zealot x5  
  86  9:20  Archon  
  86  9:22  Zealot x2  
  100  9:43  Stalker x7  
  98  9:59  Zealot  
  84  10:00  Zealot  
  82  10:07  Zealot x7  
  82  10:13  Protoss Ground Weapons Level 2 (Chrono Boost)  
  92  10:16  Observer (Chrono Boost)  
  93  10:22  Stalker x2  
  96  10:28  Stalker  
  96  10:29  Stalker x3, Zealot x2  
  96  10:35  Stalker x5  
  98  10:36  Zealot  
  85  11:03  Sentry  
  85  11:04  Zealot x8  
  87  11:08  Probe x2  
  87  11:09  Probe x2  
  103  11:18  Immortal (Chrono Boost)  
  103  11:20  Probe  
  108  11:28  Zealot x8  
  107  11:51  Dark Templar x4  
  107  11:52  Zealot x4  
  123  11:57  Archon x2  
  105  12:15  Zealot x3  
  105  12:16  Zealot  
  99  12:29  Zealot x4  
  99  12:37  Dark Templar x4  
Show
View Real Time Build Order
Export as new Build Order

HeroMarine Terran 

Build Orders: Reaper Expand 

Get SALT Encoding   

  12  0:01  SCV  
  13  0:13  SCV  
  14  0:17  Supply Depot  
  14  0:25  SCV  
  15  0:38  SCV  
  15  0:40  Barracks  
  16  0:43  Refinery  
  16  0:50  SCV  
  17  1:02  SCV  
  18  1:15  SCV  
  19  1:27  Reaper, Orbital Command  
  20  1:41  Command Center  
  20  1:49  Supply Depot  
  20  1:53  SCV  
  21  1:59  Marine  
  22  2:05  SCV  
  23  2:09  Factory  
  23  2:17  SCV  
  23  2:21  Barracks Reactor  
  25  2:30  SCV  
  25  2:33  Refinery  
  25  2:42  SCV  
  26  2:52  Orbital Command  
  26  2:54  SCV, Hellion  
  26  2:57  Marine x2  
  31  2:58  Starport  
  31  3:06  SCV  
  32  3:15  Marine x2, Widow Mine  
  32  3:18  SCV  
  37  3:21  SCV  
  37  3:25  Supply Depot  
  38  3:31  SCV  
  38  3:33  SCV  
  40  3:35  Medivac  
  40  3:37  Widow Mine  
  40  3:38  Marine  
  40  3:39  Marine, Barracks  
  46  3:46  SCV  
  46  3:47  SCV  
  48  3:52  Bunker  
  48  3:59  Engineering Bay  
  48  4:00  SCV x2  
  48  4:01  Barracks  
  50  4:04  Marine x2  
  52  4:12  SCV x2  
  54  4:19  Starport Tech Lab  
  54  4:20  Factory Tech Lab  
  54  4:21  Marine  
  54  4:25  Supply Depot, Missile Turret  
  54  4:28  Terran Infantry Weapons Level 1  
  54  4:32  SCV  
  54  4:33  SCV  
  54  4:46  SCV x2, Marine, Siege Tank  
  54  4:47  Refinery  
  54  4:48  Supply Depot  
  58  4:58  SCV x2, Barracks Tech Lab  
  60  5:01  Raven  
  60  5:02  Refinery  
  62  5:11  SCV x2, Supply Depot  
  64  5:17  Marine  
  64  5:18  Stimpack  
  65  5:23  SCV x2, Marauder  
  68  5:29  Supply Depot, Marauder  
  68  5:31  Supply Depot  
  68  5:35  SCV x2  
  72  5:37  Marine x2  
  72  5:43  Combat Shield, Factory Reactor  
  72  5:44  Marauder  
  72  5:47  SCV x2  
  67  5:50  Marauder  
  67  5:55  Starport Reactor  
  69  5:59  SCV x2, Marine x2  
  73  6:05  Marauder  
  75  6:12  Marauder  
  75  6:14  Barracks  
  75  6:16  SCV x2  
  79  6:18  Barracks  
  79  6:19  Marine x2  
  79  6:20  Widow Mine  
  79  6:21  Widow Mine  
  79  6:24  Terran Infantry Armor Level 1  
  85  6:28  Marauder  
  87  6:33  Medivac x2  
  87  6:37  Supply Depot  
  87  6:39  Supply Depot  
  91  6:41  Missile Turret  
  91  6:46  Widow Mine  
  93  6:50  Marauder  
  93  6:53  Widow Mine  
  93  6:59  Marauder  
  95  7:04  Supply Depot, Marauder, Marine  
  95  7:05  Concussive Shells, Marine  
  95  7:06  Supply Depot  
  95  7:07  Medivac  
  101  7:09  Medivac  
  101  7:11  Marauder  
  101  7:13  SCV  
  101  7:14  SCV  
  103  7:16  Barracks Reactor  
  103  7:17  Widow Mine  
  105  7:25  Supply Depot  
  105  7:26  Marauder x2, Marine  
  105  7:28  Marine  
  111  7:32  Marine  
  112  7:38  Widow Mine  
  112  7:39  Widow Mine  
  112  7:43  SCV x2  
  116  7:47  Marine x2  
  116  7:48  Marauder  
  118  7:55  SCV  
  118  7:56  Marauder x2  
  122  7:59  Marine  
  122  8:00  Marine  
  122  8:03  Widow Mine  
  122  8:08  Marine  
  122  8:09  Marauder, Marine  
  124  8:17  Marauder, Marine x2  
  124  8:18  Medivac  
  130  8:22  Medivac  
  130  8:23  Widow Mine  
  134  8:35  Marine  
  134  8:36  Marine  
  134  8:37  Marine x2  
  134  8:45  Supply Depot  
  134  8:46  Marine  
  134  8:47  Marauder, Widow Mine x2  
  141  8:49  Marauder  
  141  8:55  Marine x2  
  124  8:58  Marine  
  124  9:00  Marine  
  105  9:04  Marauder  
  105  9:08  Marauder, Widow Mine  
  99  9:10  Marauder  
  99  9:13  Marine x2  
  99  9:15  Liberator  
  99  9:16  Marine  
  107  9:17  Liberator  
  107  9:18  Marine  
  113  9:24  Widow Mine  
  113  9:26  Marauder  
  113  9:29  Marauder  
  113  9:31  Marine x2  
  119  9:35  Marauder  
  119  9:36  Marine x2  
  123  9:46  Widow Mine x2  
  123  9:47  Marauder  
  123  9:48  Marine x2  
  123  9:51  Marauder  
  117  9:53  Marine  
  117  9:54  Marine  
  117  9:56  Marauder  
  117  9:58  Medivac  
  102  10:09  Marauder  
  102  10:10  Widow Mine x2  
  102  10:12  Marauder  
  102  10:13  Marine x2  
  105  10:15  Medivac  
  105  10:18  Marauder  
  105  10:21  Marine x2  
  109  10:28  Medivac  
  113  10:30  Marauder  
  113  10:31  Marine  
  112  10:38  Marauder  
  112  10:39  Marauder, Widow Mine x2  
  112  10:45  Medivac  
  111  10:51  Marauder  
  111  10:54  Marine  
  111  10:55  Marine  
  111  10:56  Marine x2  
  111  10:58  Medivac  
  111  10:59  Marauder  
  111  11:02  Orbital Command  
  111  11:03  Marine  
  113  11:11  Marine  
  113  11:12  Widow Mine x2  
  113  11:14  Marine  
  113  11:17  Marine x2  
  120  11:31  Marine x3  
  120  11:33  Marauder  
  122  11:45  Marine x2  
  121  11:49  Marauder  
  123  11:58  Marine x2  
  111  12:06  Marauder x2  
  111  12:08  Marine x2  
  115  12:11  Marauder  
  112  12:16  Marine  
  112  12:17  Marine  
  97  12:26  Marine x2  
  97  12:27  Marauder  
  97  12:28  Marauder  
  82  12:32  Marine  
  82  12:35  Marine x2  
Tags
 
Add a new tag
Caveats
  • Supply blocks, unpowered buildings, or Contaminate may cause inaccurate times.
  • Supply counts are checked every 10 seconds.